 Dungeon Crawl Stone Soup version 0.18-a0-1805-g8ab820f (webtiles) character file.

228 st0uf the Shield-Bearer (level 6, 0/49 HPs)
             Began as a Formicid Fighter on Apr 26, 2016.
             Slain by an orc priest
             ... wielding a cursed -1 mace
              (4 damage)
             ... on level 4 of the Dungeon.
             The game lasted 00:14:51 (3194 turns).

st0uf the Shield-Bearer (Formicid Fighter)          Turns: 3194, Time: 00:14:52

Health: 0/49       AC:  8    Str: 21    XL:     6   Next: 22%
Magic:  6/6        EV:  9    Int:  7    God:
Gold:   187        SH: 10    Dex: 12    Spells: 0 memorised, 5 levels left

rFire  . . .     SeeInvis +     w - -2 falchion (curse)
rCold  . . .     Gourm    .     b - +0 scale mail
rNeg   . . .     Faith    .     c - +0 shield
rPois  +         Spirit   .     (helmet unavailable)
rElec  .         Dismiss  .     (no cloak)
rCorr  .         Reflect  .     (no gloves)
SustAt .         Harm     .     s - +0 pair of boots
MR     +....                    (no amulet)
Stlth  ..........               (no ring)
                                x - ring of protection from magic

@: somewhat resistant to hostile enchantments, extremely unstealthy
A: permanent stasis, dig shafts and tunnels, four strong arms, antennae 3,
poison resistance
a: Dig, Shaft Self


You were on level 4 of the Dungeon.
You were not hungry.

You visited 1 branch of the dungeon, and saw 4 of its levels.

You collected 187 gold pieces.

Inventory:

Hand Weapons
 a - a +0 long sword
 e - a cursed +0 hunting sling
 w - a cursed -2 falchion (weapon)
Missiles
 o - 79 stones (quivered)
Armour
 b - a +0 scale mail (worn)
 c - a +0 shield (worn)
 s - a +0 pair of boots (worn)
Jewellery
 q - an uncursed amulet of regeneration
 r - an uncursed ring of wizardry
 u - an uncursed ring of wizardry
 x - a ring of protection from magic (left hand)
Scrolls
 p - a scroll of recharging
 y - a scroll of enchant weapon
Potions
 d - a potion of might
 j - a potion of curing {unknown}
 k - a potion of magic {unknown}
 l - 4 potions of cure mutation
 m - a potion of lignification {unknown}
 n - 3 potions of agility
 t - a potion of berserk rage {unknown}
 v - a potion of cancellation {unknown}
Comestibles
 f - 4 bread rations
 g - a meat ration
 i - a beef jerky
 z - a chunk of flesh


   Skills:
 + Level 4.4 Fighting
 + Level 2.9 Long Blades
 + Level 4.3 Armour
 + Level 1.9 Dodging
 + Level 4.9 Shields


You had 5 spell levels left.
You didn't know any spells.

Dungeon Overview and Level Annotations

Branches:
Dungeon (4/15)
 Temple: D:4-7

Altars:
Ashenzari
Cheibriados
Kikubaaqudgha
Makhleb
Trog
Yredelemnul
The Shining One

Annotations:
D:4 Dowan, Duvessa


Innate Abilities, Weirdness & Mutations

You are under a permanent stasis effect.
You can dig through walls and to a lower floor.
Your four strong arms can wield two-handed weapons with a shield.
You have a pair of large antennae on your head (SInv).
Your system is resistant to poisons.


Message History

You resist with some effort.
You hit the orc priest.
You kill the orc priest!
You start resting.
You barely miss the orc priest. You block the orc priest's attack.
You hit the orc priest.
The orc priest is moderately wounded.
The orc priest closely misses you.
You closely miss the orc priest.
The orc priest is moderately wounded.
The orc priest barely misses you.
Your shield and scale mail prevent you from hitting the orc priest.
The orc priest is moderately wounded.
The orc priest mumbles some strange prayers to Beogh against you.
Beogh smites you!
* * * LOW HITPOINT WARNING * * *
You completely miss the orc priest.
The orc priest is moderately wounded.
The orc priest hits you with an enchanted mace.
You die...

...............#####
...............#
..............##
#.............#
#.........(..##
#..........##
######....##
##o#.#### #@#..#
####.# ...(......#
...........#
........(...#
oo..........#
............#
.............
.............#


You could see an orc priest.

Vanquished Creatures
  An orc priest (D:4)
  An orc wizard (D:4)
  Jessica (D:2)
  5 adders
  3 worms (D:2)
  4 dart slugs
  5 orcs
  9 bats
  6 giant cockroaches
  8 goblins
  7 hobgoblins
  7 jackals
  6 kobolds
  3 quokkas
  A giant gecko skeleton (D:4)
  2 giant newts
  3 rats
72 creatures vanquished.

Notes
Turn   | Place    | Note
--------------------------------------------------------------
     0 | D:1      | st0uf the Formicid Fighter began the quest for the Orb.
     0 | D:1      | Reached XP level 1. HP: 18/18 MP: 1/1
   202 | D:1      | Reached XP level 2. HP: 21/24 MP: 2/2
   631 | D:2      | Reached XP level 3. HP: 30/30 MP: 3/3
   695 | D:2      | Found a glowing golden altar of the Shining One.
  1054 | D:2      | Noticed Jessica
  1068 | D:2      | Killed Jessica
  1068 | D:2      | Reached XP level 4. HP: 11/37 MP: 4/4
  1794 | D:2      | Reached skill level 1 in Dodging
  1794 | D:2      | Reached XP level 5. HP: 29/42 MP: 5/5
  2563 | D:3      | Found a burning altar of Makhleb.
  2575 | D:3      | Found a basalt altar of Yredelemnul.
  2579 | D:3      | Found a bloodstained altar of Trog.
  2602 | D:3      | Found an ancient bone altar of Kikubaaqudgha.
  2767 | D:3      | Found a shattered altar of Ashenzari.
  2924 | D:4      | Noticed Dowan
  2925 | D:4      | Noticed Duvessa
  2964 | D:4      | Found a snail-covered altar of Cheibriados.
  3136 | D:4      | Gained mutation: Your system is resistant to poisons. [potion of beneficial mutation]
  3170 | D:4      | Reached XP level 6. HP: 17/49 MP: 6/6
  3194 | D:4      | Slain by an orc priest

Vault maps used:
D:1:      scummos_arrival_hexagon
D:2:      tso_oasis_becter, uniq_jessica
D:3:      cheibrodos_ashenzari_chains, minitemple, kiku_gazebo_pond_becter,
          first_bread, solitary_fountain
D:4:      kennysheep_slug_shrine, fedhas_altar_fruit_tree, uniq_duvessa

Skill      XL: |  1  2  3  4  5 |
---------------+----------------+-----
Shields        | 4 |  4.9
Fighting       | 4 |  4.4
Dodging        | 1 |  1.9
Armour         | 4 |  4.3
Long Blades    | |  2.9

Action                   |  1- 3 |  4- 6 || total
-------------------------+-------+-------++-------
Melee: Long sword        |    80 |    48 ||   128
       Falchion          |       |   277 ||   277
 Abil: Dig               |       |     1 ||     1
  Use: Scroll            |       |    12 ||    12
       Potion            |       |     1 ||     1
  Eat: Chunk             |     1 |     7 ||     8
Armor: Scale mail        |    21 |   126 ||   147
Dodge: Dodged            |    31 |   103 ||   134
Block: Shield            |    45 |   169 ||   214
